 Dungeon Crawl Stone Soup version 0.26-a0-712-ga5a9c9c9d0 (webtiles) character file.

Game seed: 12667213097951926478

3097 jasper the Spear-Bearer (level 9, -2/61 HPs)
             Began as a Demonspawn Artificer on Nov 1, 2020.
             Was a Believer of Okawaru.
             Slain by a wyvern (24 damage)
             ... on level 7 of the Dungeon.
             The game lasted 00:11:00 (9169 turns).

jasper the Spear-Bearer (Demonspawn Artificer)      Turns: 9169, Time: 00:11:02

Health: -2/61      AC: 13    Str: 16    XL:     9   Next: 59%
Magic:  9/9        EV:  6    Int: 12    God:    Okawaru [**....]
Gold:   42         SH:  3    Dex: 14    Spells: 8/8 levels left

rFire    . . .     SeeInvis .   b - +0 fustibalus
rCold    . . .     Faith    .   E - +0 buckler
rNeg     . . .     Spirit   .   x - +0 chain mail
rPois    +         Reflect  .   (helmet restricted)
rElec    .         Harm     .   (no cloak)
rCorr    .         Rampage  .   P - +0 pair of gloves
MR       .....                  (no boots)
Stlth    ..........             (no amulet)
HPRegen  0.20/turn              w - +4 ring of protection
MPRegen  0.11/turn              o - ring of poison resistance

@: no status effects
A: horns 1, spiny 1
a: Heroism, Renounce Religion


You were on level 7 of the Dungeon.
You worshipped Okawaru.
Okawaru was pleased with you.
You visited 2 branches of the dungeon, and saw 8 of its levels.
You also visited: Ossuary.

You collected 308 gold pieces.
You spent 266 gold pieces at shops.

Inventory:

Hand Weapons
 a - a +0 trident
 b - a +0 fustibalus (weapon)
 g - a +0 whip
 t - a +0 club
Missiles
 i - 203 stones (quivered)
 k - 88 arrows
 r - 2 boomerangs
 y - 13 poisoned darts
 C - 5 javelins
 N - 6 sling bullets
Armour
 x - a +0 chain mail (worn)
 z - a +0 leather armour
 E - a +0 buckler (worn)
 P - a +0 pair of gloves (worn)
Jewellery
 f - a +6 ring of strength
 j - an uncursed ring of fire
 o - a ring of poison resistance (right hand)
 u - a cursed -4 ring of strength
 w - a +4 ring of protection (left hand)
 F - a +4 ring of protection
 K - a cursed amulet of inaccuracy
 Q - an uncursed amulet of regeneration
Wands
 d - a wand of enslavement (15)
 e - a wand of random effects (15)
 G - a wand of polymorph (11)
Scrolls
 c - 4 scrolls of blinking {unknown}
 h - 4 scrolls of teleportation
 m - 3 scrolls of fog
 q - 2 scrolls of magic mapping
 B - a scroll of enchant weapon {unknown}
 M - a scroll of amnesia
 S - a scroll of fear
 U - a scroll of torment {unknown}
 V - a scroll of enchant armour {unknown}
Potions
 l - 7 potions of stabbing
 n - 3 potions of mutation
 p - 9 potions of curing
 s - 2 potions of ambrosia
 v - a potion of resistance
 A - 2 potions of lignification
 D - 2 potions of might {unknown}
 H - a potion of berserk rage
 I - a potion of flight {unknown}
 J - 2 potions of brilliance
 L - 2 potions of heal wounds
 O - a potion of haste
 R - 2 potions of magic {unknown}
 T - a potion of degeneration


   Skills:
 - Level 2.0 Fighting
 * Level 11.6 Polearms
 - Level 2.3 Armour
 - Level 1.7 Dodging
 - Level 0.8 Stealth
 - Level 3.4 Evocations


You had 8 spell levels left.
You didn't know any spells.
Your spell library contained the following spells:

 Spells                   Type           Power        Failure   Level
 Animate Skeleton         Necr           #.....       100%        1
 Apportation              Tloc           #.....       100%        1
 Corona                   Hex            #......      100%        1
 Magic Dart               Conj           #...         100%        1
 Summon Small Mammal      Summ           #...         100%        1
 Blink                    Tloc           N/A          100%        2
 Call Imp                 Summ           #.......     100%        2
 Slow                     Hex            #.......     100%        2
 Conjure Flame            Conj/Fire      #.......     100%        3
 Mephitic Cloud           Conj/Pois/Air  #.......     100%        3


Dungeon Overview and Level Annotations

Branches:
Dungeon (7/15)             Temple (1/1) D:4         Ossuary (visited)

Altars:
Ashenzari
Cheibriados
Dithmenos
Elyvilon
Fedhas
Gozag
Hepliaklqana
Kikubaaqudgha
Makhleb
Nemelex Xobeh
Okawaru
Qazlal
Sif Muna
Trog
Uskayaw
Vehumet
Wu Jian
Xom
Yredelemnul
Zin
The Shining One

Shops:
D:7 !

Annotations:
D:7 1 transporter, SolCadguy's ghost, novice DrTm


Innate Abilities, Weirdness & Mutations

You have a pair of small horns on your head.
You are partially covered in sharp spines.


Message History

The water moccasin is struck by your spines.
The water moccasin bites you.
You take 3 damage, and have 33/61 hp.
The moth of wrath goads the wyvern on!
The wyvern goes berserk!
You block the water moccasin's attack.
The water moccasin bites you but does no damage.
The black bear is struck by your spines.
The black bear bites you but does no damage.
The black bear barely misses you.
The black bear claws you but does no damage.
The wyvern is struck by your spines. The wyvern bites you.
The water moccasin closely misses you.
The moth of wrath goads the black bear on!
The black bear goes berserk!
The black bear bites you but does no damage.
The black bear claws you. x2; The wyvern is struck by your spines.
The wyvern bites you.
You take 12 damage, and have 22/61 hp.
The wyvern bites you!!
You die...

.####...# .#.##..##..#
...####.##.#...#.#©..#
##.####..#$#.....##.##
#......©#![.y#...#.#
######..#/.#..S#W#.#
#.##.....#S##.#
#.#..#.#hh.#..#
#.#..#.#.lS#.##
#.##......@#.#
#..###...###.#
##...#####...#
###.......###
#########


You could see a moth of wrath, 3 water moccasins, 2 black bears, a wyvern
(berserk) and SolCadguy's ghost.

Vanquished Creatures
  Prince Ribbit (D:5)
  Eustachio (D:5)
  An ice beast (D:6)
  A sky beast (D:6)
  A phantom (D:6)
  A necrophage (D:5)
  A centaur (D:6)
  5 ogres
  Blork the orc (D:5)
  3 elf zombies (Ossuary)
  4 bullfrogs
  4 scorpions
  A water moccasin skeleton (D:6)
  3 centaur zombies (Ossuary)
  2 jellies
  2 hounds (D:4)
  6 human zombies (Ossuary)
  4 orc priests
  3 orc wizards
  A centaur skeleton (D:7)
  Jessica (D:3)
  An iguana (D:6)
  8 worker ants
  3 mummies (Ossuary)
  A howler monkey skeleton (D:5)
  5 adders
  A shadow imp (D:5)
  2 white imps (D:5)
  2 oozes
  An adder skeleton (D:5)
  3 dart slugs
  4 worms
  8 leopard geckos
  18 orcs
  10 bats
  2 giant cockroaches
  7 goblins
  6 hobgoblins
  11 jackals
  2 quokkas (D:3)
  A ball python (D:4)
  6 frilled lizards
  2 jackal skeletons
  9 kobolds
  A leopard gecko skeleton (D:7)
  9 rats
170 creatures vanquished.

Notes
Turn   | Place    | Note
-------+----------+-------------------------------------------
     0 | D:1      | jasper the Demonspawn Artificer began the quest for the
                  | Orb.
     0 | D:1      | Reached XP level 1. HP: 15/15 MP: 1/1
    46 | D:1      | Reached skill level 1 in Dodging
    95 | D:1      | Gained mutation: You are partially covered in sharp spines.
                  | [demonic ancestry]
    95 | D:1      | Reached XP level 2. HP: 2/21 MP: 2/2
   858 | D:1      | Reached XP level 3. HP: 25/26 MP: 3/3
  2331 | D:3      | Reached skill level 1 in Polearms
  2343 | D:3      | Reached XP level 4. HP: 20/33 MP: 4/4
  2620 | D:3      | Reached skill level 2 in Polearms
  2824 | D:3      | Gained mutation: You have a pair of small horns on your
                  | head. [demonic ancestry]
  2824 | D:3      | Reached XP level 5. HP: 25/38 MP: 5/5
  3198 | D:3      | Reached skill level 3 in Polearms
  3498 | D:3      | Noticed Jessica
  3501 | D:3      | Killed Jessica
  3790 | D:4      | Reached skill level 4 in Polearms
  3834 | D:4      | Noticed an ogre
  3838 | D:4      | Killed an ogre
  3838 | D:4      | Reached XP level 6. HP: 44/44 MP: 6/6
  4021 | D:4      | Found a sand-covered staircase.
  4026 | Ossuary  | Entered an ossuary
  4046 | Ossuary  | Reached skill level 5 in Polearms
  4127 | Ossuary  | Reached XP level 7. HP: 45/50 MP: 7/7
  4128 | Ossuary  | Reached skill level 6 in Polearms
  4296 | Ossuary  | Reached skill level 7 in Polearms
  4503 | D:4      | Found a staircase to the Ecumenical Temple.
  4512 | Temple   | Entered the Ecumenical Temple
  4575 | Temple   | Became a worshipper of Warmaster Okawaru
  5431 | D:5      | Entered Level 5 of the Dungeon
  5473 | D:5      | Reached XP level 8. HP: 56/56 MP: 8/8
  5522 | D:5      | Reached skill level 8 in Polearms
  5793 | D:5      | Noticed Prince Ribbit
  5802 | D:5      | Killed Prince Ribbit
  5955 | D:5      | Reached * piety under Okawaru
  5955 | D:5      | Reached skill level 9 in Polearms
  6420 | D:5      | Noticed Eustachio
  6446 | D:5      | Killed Eustachio
  6661 | D:5      | Reached skill level 10 in Polearms
  6873 | D:5      | Noticed Blork the orc
  6885 | D:5      | Killed Blork the orc
  6885 | D:5      | Reached XP level 9. HP: 44/61 MP: 9/9
  7076 | D:5      | Reached ** piety under Okawaru
  8096 | D:6      | Reached skill level 11 in Polearms
  8615 | D:7      | Noticed SolCadguy's ghost (novice DrTm)
  8627 | D:7      | Found a transporter.
  8627 | D:7      | Noticed a moth of wrath
  8640 | D:7      | Found a transporter.
  8803 | D:7      | Found Tyneam's Distillery.
  8809 | D:7      | Bought a potion of lignification for 42 gold pieces
  8809 | D:7      | Bought a potion of heal wounds for 70 gold pieces
  8809 | D:7      | Bought a potion of brilliance for 56 gold pieces
  8809 | D:7      | Bought a potion of degeneration for 14 gold pieces
  8809 | D:7      | Bought a potion of curing for 42 gold pieces
  8809 | D:7      | Bought a potion of curing for 42 gold pieces
  9169 | D:7      | Slain by a wyvern

Illustrated notes

Levels and vault maps discovered:
D:1:      sevenhm_arrival_forest_fort_small_3, layout_rooms
D:2:      layout_basic, roderic_roman_lattice, st_stairs_14
D:3:      layout_basic, minivault_27, minivault_14, kennysheep_jessica_study
D:4:      layout_basic, minmay_temple_entry_large_hall,
          lightli_ossuary_entry_decrepit_ruins, minmay_misc_feat_hallway
D:5:      layout_basic, st_stairs_8, uniq_prince_ribbit1, uniq_blork_the_orc,
          uniq_eustachio
D:6:      layout_loops_corners
D:7:      layout_basic, gammafunk_ghost_berserking_beasts, serial_shops, shop
Temple:   dpeg_three_leaves_temple

Skill      XL: |  1  2  3  4  5  6  7  8  9 |
---------------+----------------------------+-----
Dodging        | 1 |  1.7
Armour         | 2 |  2.3
Fighting       | 2 |  2.0
Polearms       | 1 2 4 5 7 10 11 | 11.6
Stealth        | |  0.8
Evocations     | |  3.4

Action                   |  1- 3 |  4- 6 |  7- 9 || total
-------------------------+-------+-------+-------++-------
Melee: Club              |    23 |       |       ||    23
       Whip              |    65 |       |       ||    65
       Trident           |    32 |   119 |   281 ||   432
       Headbutt          |       |    22 |    58 ||    80
 Fire: Fustibalus        |       |    31 |   157 ||   188
Throw: Stone             |    45 |     3 |     1 ||    49
Evoke: Wand              |     5 |     8 |     2 ||    15
  Use: Scroll            |       |       |    12 ||    12
 Stab: Sleeping          |     2 |       |       ||     2
Armor: Leather armour    |    24 |     4 |       ||    28
       Chain mail        |       |    44 |   126 ||   170
Dodge: Dodged            |    62 |    43 |    61 ||   166
Block: Buckler           |       |     5 |    38 ||    43

Table legend: (Time is in decaauts)
 A = Elapsed time spent in this place.
 B = Non-inter-level travel time spent in this place.
 C = Inter-level travel time spent in this place.
 D = Time resting spent in this place.
 E = Time spent auto-exploring this place.
 F = Levels seen in this place.
 G = Mean time per level.
                   A        B        C        D        E       F      G
               +--------+--------+--------+--------+--------+-----+--------+
         Total |   9218 |   8995 |    223 |    731 |   6787 |   9 | 1024.2 |
       Dungeon |   8675 |   8461 |    214 |    731 |   6467 |   7 | 1239.3 |
        Temple |     73 |     64 |      9 |      0 |      0 |   1 |   73.0 |
       Ossuary |    469 |    469 |      0 |      0 |    320 |   1 |  469.0 |
               +--------+--------+--------+--------+--------+-----+--------+

Top non-repeatable levels by time:
     D:5: 1704 daAuts
     D:3: 1514 daAuts
     D:1: 1300 daAuts
     D:4: 1271 daAuts
     D:6: 1114 daAuts
     D:7: 922 daAuts
     D:2: 847 daAuts
 Ossuary: 469 daAuts
  Temple: 73 daAuts
